 Dungeon Crawl Stone Soup version 0.29.1-1-gd02db6906a (webtiles) character file.

Game seed: 17888593099014488024

17240 Godmorgon the Thaumaturge (level 12, -30/88 HPs)
             Began as a Djinni Ice Elementalist on Oct 2, 2022.
             Was a High Priest of Makhleb.
             Hit by a large rock thrown by a stone giant (39 damage)
             ... on level 11 of the Dungeon.
             The game lasted 01:19:39 (15276 turns).

Godmorgon the Thaumaturge (DjIE)                   Turns: 15276, Time: 01:19:40

Health: -30/88     AC: 15    Str:  7    XL:     12   Next: 80%
Gold:   1252       EV: 13    Int: 23    God:    Makhleb [*****.] SH:  0 Dex: 13

rFire   + + .      SeeInvis .   b - staff of air
rCold   . . .      Faith    .   (no shield)
rNeg    . . .      Spirit   .   H - +1 leather armour {rC+}
rPois   ∞          Reflect  .   (no helmet)
rElec   +          Harm     .   L - +1 cloak
rCorr   .          Rampage  .   (no gloves)
Will    +....                   (boots unavailable)
Stlth   ++........              (no amulet)
HPRegen 0.24/turn               s - +4 ring of protection
MPRegen 0.00/turn               w - +4 ring of protection

@: flying, studying Staves
A: sickness immunity, fire resistance 2, cold vulnerability 1, float, innate
caster, HP casting, extra vitality 1
a: Renounce Religion, Minor Destruction, Lesser Servant of Makhleb, Major
Destruction, Greater Servant of Makhleb


You were on level 11 of the Dungeon.
You worshipped Makhleb.
Makhleb was extremely pleased with you.
You visited 1 branch of the dungeon, and saw 11 of its levels.
You also visited: Bailey.

You collected 1252 gold pieces.

Inventory:

Hand Weapons
 a - a +1 whip of electrocution
 v - a +4 flail of holy wrath
 M - a +1 dagger of electrocution
Missiles
 h - 2 curare-tipped darts
 n - 22 boomerangs (quivered)
 G - 32 poisoned darts
Armour
 t - the +8 chain mail of the Dragon {Slay+3}
   (You took it off an orc warrior in a bailey)

   Slay:      It affects your accuracy & damage with ranged weapons and melee
   (+3).
 H - a +1 leather armour of cold resistance (worn)
 L - a +1 cloak (worn)
Magical Staves
 b - a staff of air (weapon)
 D - a staff of poison
Jewellery
 m - a ring of willpower
 s - a +4 ring of protection (left hand)
 w - a +4 ring of protection (right hand)
Wands
 f - a wand of digging (13)
 x - a wand of roots (8)
 C - a wand of polymorph (11)
 Q - a wand of flame (23)
 R - a wand of paralysis (9)
 S - a wand of acid (4)
Scrolls
 c - 5 scrolls of teleportation
 e - a scroll of fear
 j - 2 scrolls of butterflies
 k - a scroll of silence
 p - a scroll of brand weapon
 r - a scroll of magic mapping
 y - 3 scrolls of enchant weapon
 z - a scroll of torment
 A - 5 scrolls of blinking
 B - 3 scrolls of poison
 E - a scroll of summoning
 O - a scroll of enchant armour
 P - 3 scrolls of identify
Potions
 d - a potion of resistance
 g - 3 potions of heal wounds
 i - 3 potions of haste
 l - 6 potions of curing
 o - 2 potions of might
 q - a potion of berserk rage
 u - 3 potions of invisibility
 F - a potion of attraction
 I - a potion of mutation
 J - a potion of brilliance
 N - a potion of lignification
Miscellaneous
 K - a lightning rod (4/4)


   Skills:
 + Level 8.5 Fighting
 - Level 5.0 Staves
 * Level 7.1 Armour
 - Level 5.0 Dodging
 - Level 1.5 Stealth
 * Level 10.2 Spellcasting
 - Level 10.0 Invocations


You had 6 spell levels left.
You knew the following spells:

 Your Spells              Type           Power      Damage    Failure   Level
a - Ozocubu's Armour      Ice            56%        N/A       1%          3
c - Conjure Flame         Conj/Fire      56%        6-21      1%          3
f - Freeze                Ice            100%       1d11      1%          1
h - Hailstorm             Conj/Ice       56%        3d12      1%          4
m - Summon Small Mammal   Summ           100%       N/A       1%          1
r - Frozen Ramparts       Ice            100%       1d16      1%          3
s - Stone Arrow           Conj/Erth      100%       3d13      1%          3
F - Fireball              Conj/Fire      28%        3d12      3%          5
S - Static Discharge      Conj/Air       73%        3-13/arc  1%          2
Your spell library was empty.

Dungeon Overview and Level Annotations

Branches:
Dungeon (11/15)            Temple (0/1) D:4            Lair (0/5) D:11
    Orc (0/2) D:11         Bailey (visited)

Altars:
Cheibriados
Makhleb
Trog
Wu Jian
Lugonu

Shops:
D:1 =   D:6 *   D:10 :

Portals:
Abyss: D:7
Trove: D:10 (give +3 storm dragon scales)

Annotations:
D:7 2 transporters, groovy9's ghost, novice MiHu
D:11 exclusion: orange crystal statue


Innate Abilities, Weirdness & Mutations

You are immune to sickness and miasma.
You are immune to poison.
Your flesh is very heat resistant. (rF++)
You are vulnerable to cold. (rC-)
You float through the air rather than walking.
You learn spells naturally, not from books.
Your magical power is your life essence.
You have superior vitality. (+4 MHP)


Message History

The stone giant shouts!
Okay, then.
Casting: Stone Arrow (safe; 1% risk of failure)
Confirm with . or Enter, or press ? or * to list all spells.
Casting: Frozen Ramparts (safe; 1% risk of failure)
Press: ? - help, Dir - look around, f - activate The walls around you are covered in ice.
The wall freezes the stone giant but does no damage.
The stone giant hits you!!
Casting: Frozen Ramparts (safe; 1% risk of failure)
Confirm with . or Enter, or press ? or * to list all spells.
A film of ice covers your body!
The wall freezes the stone giant.
The stone giant hits you.
Casting: Ozocubu's Armour (safe; 1% risk of failure)
Confirm with . or Enter, or press ? or * to list all spells.
Aiming: Stone Arrow (safe; 1% risk of failure)
Press: ? - help, Shift-Dir - straight line, f - stone giant
Aim: a stone giant, quivering large rocks (lightly wounded, 100% to hit)
The stone arrow hits the stone giant!
The stone giant is lightly wounded.
The wall freezes the stone giant.
The stone giant hits you!!
Casting: Stone Arrow (safe; 1% risk of failure)
Confirm with . or Enter, or press ? or * to list all spells.
Aiming: Stone Arrow (safe; 1% risk of failure)
Press: ? - help, Shift-Dir - straight line, f/p - stone giant
Aim: a stone giant, quivering large rocks (moderately wounded, 100% to hit)
The stone arrow hits the stone giant!
The stone giant is moderately wounded.
The wall freezes the stone giant but does no damage.
The stone giant hits you!!
* * * LOW HITPOINT WARNING * * *
Blink to where?
Press: ? - help, Dir - move target, p - stone giant Your icy armour and frozen ramparts will break if you move.
Continue?
Your icy armour cracks and falls away as you move.
The frozen ramparts melt away as you move.
As you read the scroll of blinking, it crumbles to dust.
There is an open door here.
The stone giant throws a large rock.
The large rock hits you!!!
You die...

##..#..### #. #........###.
#.........##. #####.......###
##C..##.....~♣.#
###.###.#....~~♣.. #.'.#
.#..(.♣~~.# #.#.# .#....~~~.#
#@##.. ##....♣P...
#..#####..........
###...........##..
#.############## ###
#########.#. #####...#.#..#..
#### #....)#)#...##..
########..# ###..#.#...#...##.
#.........####....#####..##.##.


You could see a stone giant.

Vanquished Creatures
  A boulder beetle (D:8)
  6 two-headed ogres
  2 orc knights (Bailey)
  A deep elf pyromancer (D:11)
  Pikel (D:4)
  A manticore (D:9)
  An orc sorcerer (D:11)
  Maurice (D:9)
  An unseen horror (D:10)
  A kobold demonologist (D:11)
  2 trolls
  A hornet (D:7)
  12 yaks
  A vampire (D:11)
  A wyvern (D:10)
  2 shadows (D:11)
  A steam dragon (D:8)
  Menkaure (D:5)
  4 vampire mosquitoes (D:10)
  Edmund (D:5)
  An acid dragon (D:11)
  A water moccasin (D:9)
  9 orc warriors
  3 sky beasts
  An ice beast (D:7)
  4 black bears
  4 ogres (D:5)
  3 centaurs
  3 phantoms
  5 kobold brigands
  Blork the orc (D:7)
  8 bullfrogs
  4 gnoll sergeants
  3 necrophages
  2 scorpions (D:6)
  A troll zombie (D:11)
  A wight (D:7)
  8 killer bees
  11 electric eels (D:11)
  3 hounds
  5 jellies
  A gnoll bouda (D:9)
  3 iguanas
  10 orc wizards
  5 ogre zombies (D:11)
  9 gnolls
  5 adders
  A shadow imp (D:6)
  2 white imps
  An ufetubus (D:6)
  4 dart slugs
  28 orcs
  4 bats
  6 endoplasms
  3 giant cockroaches (D:4)
  12 goblins
  10 hobgoblins
  3 jackals (D:1)
  32 kobolds
  3 quokkas
  6 ball pythons
  2 frilled lizards
  A goblin skeleton (D:11)
  A hobgoblin skeleton (D:11)
  2 hobgoblin zombies (D:11)
  An orc skeleton (D:11)
  14 orc zombies (D:11)
  4 rats
296 creatures vanquished.

Vanquished Creatures (collateral kills)
  An endoplasm (D:2)
1 creature vanquished.

Vanquished Creatures (others)
  8 fungi (D:11)
  35 plants (D:11)
43 creatures vanquished.

Grand Total: 340 creatures vanquished

Notes
Turn   | Place    | Note
-------+----------+-------------------------------------------
     0 | D:1      | Godmorgon the Djinni Ice Elementalist began the quest for
                  | the Orb.
     0 | D:1      | Godmorgon set off with the following spells memorised:
                  | Freeze, Frozen Ramparts, Ozocubu's Armour, Hailstorm.
     0 | D:1      | Reached XP level 1. HP: 15/15 MP: 0/0
   388 | D:1      | Reached XP level 2. HP: 20/22 MP: 0/0
   609 | D:1      | Found a faded altar of an unknown god.
   612 | D:1      | Found Cixuecik's Jewellery Emporium.
   644 | D:1      | Reached skill level 1 in Fighting
   872 | D:1      | Reached XP level 3. HP: 20/27 MP: 0/0
   872 | D:1      | Learned a level 1 spell: Summon Small Mammal
  1995 | D:3      | Found a burning altar of Makhleb.
  2003 | D:3      | Became a worshipper of Makhleb the Destroyer
  2092 | D:3      | Reached XP level 4. HP: 23/32 MP: 0/0
  2682 | D:4      | Reached * piety under Makhleb
  2761 | D:4      | Noticed a black bear
  2813 | D:4      | Noticed a lemure
  2827 | D:4      | Reached skill level 1 in Invocations
  2850 | D:4      | Noticed a lemure
  2850 | D:4      | Noticed a lemure
  2851 | D:4      | Noticed Pikel
  2852 | D:4      | Noticed a lemure
  2875 | D:4      | Killed Pikel
  2876 | D:4      | Reached XP level 5. HP: 7/40 MP: 0/0
  2876 | D:4      | Learned a level 2 spell: Static Discharge
  2876 | D:4      | Reached XP level 6. HP: 8/45 MP: 0/0
  2876 | D:4      | Reached XP level 7. HP: 9/49 MP: 0/0
  2876 | D:4      | Learned a level 3 spell: Stone Arrow
  3204 | D:4      | Identified the +10 chain mail of Ru's Castigation {rPois
                  | rN++ Dex-4 Slay-5}
  3390 | D:4      | Reached skill level 5 in Spellcasting
  3656 | D:4      | Found an ornate altar of the Wu Jian Council.
  3749 | D:4      | Found a staircase to the Ecumenical Temple.
  3835 | D:5      | Entered Level 5 of the Dungeon
  3847 | D:4      | Reached XP level 8. HP: 35/56 MP: 0/0
  4405 | D:5      | Noticed Menkaure
  4409 | D:5      | Killed Menkaure
  4514 | D:5      | Reached skill level 5 in Invocations
  4997 | D:5      | Reached XP level 9. HP: 60/62 MP: 0/0
  4997 | D:5      | Learned a level 3 spell: Conjure Flame
  5174 | D:5      | Noticed Edmund
  5182 | D:5      | Killed Edmund
  5494 | D:6      | Reached skill level 1 in Staves
  5498 | D:6      | Reached ** piety under Makhleb
  5801 | D:6      | Found Tobu's General Store.
  6030 | D:6      | Found a snail-covered altar of Cheibriados.
  7281 | D:7      | Noticed a hornet
  7286 | D:7      | Killed a hornet
  7347 | D:7      | Found a flagged portal.
  7462 | Bailey   | Entered a bailey
  7482 | Bailey   | Noticed an orc knight
  7495 | Bailey   | Killed an orc knight
  7496 | Bailey   | Reached skill level 5 in Fighting
  7496 | Bailey   | Reached skill level 5 in Staves
  7496 | Bailey   | Reached XP level 10. HP: 28/70 MP: 0/0
  7600 | Bailey   | Noticed an orc knight
  7917 | Bailey   | Identified the +8 chain mail of the Dragon {Slay+3}
  8119 | Bailey   | Reached *** piety under Makhleb
  8257 | Bailey   | Killed an orc knight
  8533 | D:7      | Found a transporter.
  8538 | D:7      | Found a transporter.
  8544 | D:7      | Noticed a moth of wrath
  8545 | D:7      | Found a bloodstained altar of Trog.
  8547 | D:7      | Noticed groovy9's ghost (novice MiHu)
  8647 | D:7      | Noticed Blork the orc
  8654 | D:7      | Killed Blork the orc
  9162 | D:7      | Found a large runed translucent door.
  9163 | D:7      | Found a large runed translucent door.
  9164 | D:7      | Found a corrupted altar of Lugonu.
  9368 | D:7      | Found a one-way gate to the infinite horrors of the Abyss.
 10170 | D:8      | Reached XP level 11. HP: 71/76 MP: 0/0
 10170 | D:8      | Learned a level 5 spell: Fireball
 10649 | D:8      | Reached **** piety under Makhleb
 10728 | D:8      | Noticed a boulder beetle
 10728 | D:8      | Noticed a two-headed ogre
 10738 | D:8      | Killed a two-headed ogre
 10743 | D:8      | Killed a boulder beetle
 11211 | D:9      | Noticed Maurice
 11217 | D:9      | Killed Maurice
 11218 | D:9      | Reached skill level 5 in Dodging
 11717 | D:9      | Noticed a manticore
 11720 | D:9      | Reached skill level 5 in Armour
 11725 | D:9      | Killed a manticore
 12064 | D:10     | Entered Level 10 of the Dungeon
 12332 | D:10     | Reached skill level 10 in Invocations
 12405 | D:10     | Found a portal to a secret trove of treasure.
 12410 | D:10     | Identified the +0 pair of gloves "Orun" {rElec Str+2 Int+4}
 12523 | D:10     | Reached XP level 12. HP: 85/85 MP: 0/0
 12696 | D:10     | Noticed a two-headed ogre
 12700 | D:10     | Killed a two-headed ogre
 12876 | D:10     | Found Paibowy's Book Emporium.
 13035 | D:11     | Found a staircase to the Lair.
 13288 | D:11     | Noticed a sun demon
 13288 | D:11     | Reached ***** piety under Makhleb
 13849 | D:11     | Noticed a two-headed ogre
 13855 | D:11     | Killed a two-headed ogre
 13945 | D:11     | Noticed a six-headed hydra
 14196 | D:11     | Noticed a two-headed ogre
 14198 | D:11     | Noticed a two-headed ogre
 14234 | D:11     | Noticed a two-headed ogre
 14318 | D:11     | Killed a two-headed ogre
 14339 | D:11     | Reached skill level 10 in Spellcasting
 14689 | D:11     | Killed a two-headed ogre
 14764 | D:11     | Found a staircase to the Orcish Mines.
 14960 | D:11     | Killed a two-headed ogre
 15268 | D:11     | Noticed a stone giant
 15276 | D:11     | Hit by a large rock thrown by a stone giant

Illustrated notes

Levels and vault maps discovered:
D:1:      dpeg_arrival_erosion, layout_rooms, basic_ecumenical_altar,
          serial_shops, shop, nicolae_titane
D:2:      wad_pebble_path, layout_rooms, chequers_serial_rivers_micro_e
D:3:      layout_basic, nicolae_overflow_crystal_walls
D:4:      layout_rooms, gammafunk_temple_overflow_statue,
          lemuel_temple_firewalk_b, minmay_surrounded, uniq_pikel
D:5:      layout_basic, minmay_manual_mess, uniq_edmund, uniq_menkaure
D:6:      layout_basic, old_standard_altar, serial_rivers,
          chequers_serial_rivers_large_b, chequers_serial_rivers_large_a,
          chequers_serial_rivers_small_b, chequers_serial_rivers_small_a,
          serial_shops, nicolae_diamond_shop, kennysheep_decorative_pillar,
          minmay_misc_feat_ornament
D:7:      due_chaos_kobolds, layout_loops_corners,
          gammafunk_ghost_wrathful_warriors, enter_bailey_3, sword_in_stone
D:8:      layout_basic, minmay_joined_circles
D:9:      layout_loops_ring, lightli_fourway_metalbox, uniq_maurice
D:10:     layout_loops_ring, nicolae_trove_entry_free_sample, serial_shops, shop
D:11:     layout_cave_pools, grunt_lair_entry_orc_guard_hut, zombieorc1_lemuel,
          serial_bayou, serial_bayou_ford_a, serial_bayou_pond_e,
          serial_bayou_lake_a, serial_bayou_crossing, minivault_15,
          kennysheep_just_a_vault

Skill      XL: |  1  2  3  4  5  6  7  8  9 10 11 12 |
---------------+-------------------------------------+-----
Fighting       | 1 2 3 4 5 6 7 8 |  8.5
Spellcasting   | 4 5 6 8 9 10 | 10.2
Invocations    | 3 4 5 7 8 10 | 10.0
Armour         | 2 3 4 5 7 |  7.1
Staves         | 5 |  5.0
Dodging        | 5 |  5.0
Stealth        | |  1.5

Action                   |  1- 3 |  4- 6 |  7- 9 | 10-12 || total
-------------------------+-------+-------+-------+-------++-------
Melee: Dagger            |     8 |    29 |       |       ||    37
       Punch             |       |     2 |       |     2 ||     4
       Whip              |       |       |    14 |    42 ||    56
Throw: Stone             |     7 |       |       |       ||     7
       Boomerang         |     9 |    10 |    10 |    25 ||    54
       Dart              |       |       |       |     1 ||     1
 Cast: Freeze            |    55 |    28 |       |       ||    83
       Summon Small Mamm |     6 |     2 |       |       ||     8
       Frozen Ramparts   |       |     2 |    10 |    41 ||    53
       Stone Arrow       |       |       |    99 |   266 ||   365
       Ozocubu's Armour  |       |       |     2 |    15 ||    17
       Conjure Flame     |       |       |     6 |       ||     6
       Fireball          |       |       |       |     1 ||     1
Evoke: Wand              |       |       |     1 |       ||     1
  Use: Scroll            |       |       |    20 |    11 ||    31
       Potion            |       |       |       |     1 ||     1
 Stab: Sleeping          |     2 |     1 |       |       ||     3
Armor: Robe              |     7 |    11 |    18 |     8 ||    44
       Leather armour    |       |       |     2 |    50 ||    52
Dodge: Dodged            |    19 |    20 |    28 |    72 ||   139
